 Dungeon Crawl Stone Soup version 0.19.1 (webtiles) character file.

21 Banto the Charmwright (level 2, 0/19 HPs)
             Began as a High Elf Skald on Dec 2, 2016.
             Slain by a worm (8 damage)
             ... on level 2 of the Dungeon.
             The game lasted 00:00:42 (623 turns).

Banto the Charmwright (High Elf Skald)               Turns: 623, Time: 00:00:42

Health: 0/19       AC:  3    Str: 11    XL:     2   Next: 65%
Magic:  0/6        EV: 12    Int: 15    God:
Gold:   72         SH:  0    Dex: 14    Spells: 1 memorised, 4 levels left

rFire  . . .     SeeInvis .     a - +0 falchion
rCold  . . .     Gourm    .     b - +0 leather armour
rNeg   . . .     Faith    .     (no shield)
rPois  .         Spirit   .     (no helmet)
rElec  .         Reflect  .     (no cloak)
rCorr  .         Harm     .     (no gloves)
MR     .....                    (no boots)
Stlth  +.........               (no amulet)
                                (no ring)
                                (no ring)

@: infused
A: no striking features
a: no special abilities


You were on level 2 of the Dungeon.
You were not hungry.

You visited 1 branch of the dungeon, and saw 2 of its levels.

You collected 72 gold pieces.

Inventory:

Hand Weapons
 a - a +0 falchion (weapon)
Armour
 b - a +0 leather armour (worn)
Scrolls
 e - a scroll of noise {unknown}
 i - a scroll of enchant weapon {unknown}
 k - a scroll of remove curse {unknown}
 l - a scroll of random uselessness {unknown}
Potions
 f - a potion of might {unknown}
 h - a potion of mutation {unknown}
Books
 c - a book of Battle

   Spells                             Type                      Level
   a - Infusion                       Charms                       1
   b - Shroud of Golubria             Charms/Translocation         2
   c - Song of Slaying                Charms                       2
   d - Spectral Weapon                Hexes/Charms                 3
   e - Regeneration                   Charms/Necromancy            3
Comestibles
 d - a bread ration
 j - a slice of pizza


   Skills:
 - Level 2.0 Fighting
 + Level 3.4 Long Blades
 - Level 0.8 Armour
 + Level 2.1 Dodging
 - Level 2.4 Spellcasting
 - Level 3.6 Charms


You had 4 spell levels left.
You knew the following spells:

 Your Spells              Type           Power        Failure   Level  Hunger
a - Infusion              Chrm           ##..         10%         1    #......


Dungeon Overview and Level Annotations

Branches:
Dungeon (2/15)

Altars:


Message History

The worm bites you.
You take 5 damage, and have 7/19 hp.
MASSIVE DAMAGE!!
You swing at nothing.
You hit the worm but do no damage.
The worm is moderately wounded.
Casting: Infusion
Confirm with . or Enter, or press ? or * to list all spells.
You begin infusing your attacks with magical energy.
You now have 3/6 mp.
You hit the worm.
The worm is heavily wounded.
You now have 2/6 mp.
You hit the worm!
The worm is severely wounded.
The worm closely misses you.
You now have 1/6 mp.
You hit the worm.
The worm is almost dead.
The worm bites you!
You die...

#..######.#
#..#### #.#
#.....# #.#
#.###.# #.# #
#.###.###.#
##.####
#.........#
#.....!
#####.#####
.......########.#
#......).....w@.#
#......##########
....... #......
#######


You could see a worm.

Vanquished Creatures
  An ooze (D:2)
  A leopard gecko (D:1)
  5 bats (D:1)
  A giant cockroach (D:1)
  3 goblins
  A kobold (D:1)
  2 frilled lizards (D:1)
  A rat (D:1)
15 creatures vanquished.

Notes
Turn   | Place    | Note
-------+----------+-------------------------------------------
     0 | D:1      | Banto the High Elf Skald began the quest for the Orb.
     0 | D:1      | Reached XP level 1. HP: 14/14 MP: 4/4
   121 | D:1      | Reached XP level 2. HP: 16/19 MP: 6/6
   623 | D:2      | Slain by a worm

Skill      XL: |  1  2 |
---------------+-------+-----
Long Blades    | 3 |  3.4
Dodging        | 2 |  2.1
Fighting       | |  2.0
Armour         | |  0.8
Spellcasting   | |  2.4
Charms         | |  3.6

Action                   || total
-------------------------++-------
Melee: Falchion          ||    34
 Cast: Infusion          ||     8
Armor: Leather armour    ||     8
Dodge: Dodged            ||    23
       Rpst.: Falchion   ||     7

Table legend:
 A = Turns spent in this place as a percentage of turns spent in the entire game.
 B = Non-inter-level travel turns spent in this place as a percentage of non-inter-level travel turns spent in the entire game.
 C = Inter-level travel turns spent in this place as a percentage of turns spent in this place.
 D = Turns resting spent in this place as a percentage of non-inter-level travel turns spent in this place.
 E = Turns spent auto-exploring this place as a percentage of non-inter-level travel turns spent in this place.
 F = Non-inter-level travel turns spent in this place divided by the number of levels of this place that you've seen.
                   A       B       C       D       E      F
               +-------+-------+-------+-------+-------+----------------------
         Total | 100.0 | 100.0 |   0.7 |   2.0 |  17.2 |  75.5
       Dungeon | 100.0 | 100.0 |   0.7 |   2.0 |  17.2 |  75.5
               +-------+-------+-------+-------+-------+----------------------

Table legend:
 A = Kills in this place as a percentage of kills in entire the game.
 B = Kills by you in this place as a percentage of kills by you in the entire game.
 C = Kills by friends in this place as a percentage of kills by friends in the entire game.
 D = Other kills in this place as a percentage of other kills in the entire game.
 E = Experience gained in this place as a percentage of experience gained in the entire game.
 F = Experience gained in this place divided by the number of levels of this place that you have seen.
                   A       B       C       D       E      F
               +-------+-------+-------+-------+-------+----------------------
         Total | 100.0 | 100.0 |  -nan |  -nan | 100.0 |  15.5
       Dungeon | 100.0 | 100.0 |  -nan |  -nan | 100.0 |  15.5
               +-------+-------+-------+-------+-------+----------------------
